AoeStats
← Smiley

Arabia

509115822Analyzed
1v1 RM · 7d ago on Sep 25, 2026· 35m 28s· 2 players
Game mode
Random Map
Map size
Tiny (2 player)
Population
200
Speed
Normal
Resources
Standard
Victory
Conquest
Starting age
Dark Age
Ending age
Imperial Age
RankedLock teamsTeams togetherTeam positionsShared explorationLock speedFull tech treeHidden civsTurbo modeCheats
Victory
Defeat
🇷🇸 Turks · Serbia
936
+16
🇹🇼 Chinese · Taiwan
926
-16
Takodachi
0:35 Loom
11:10 Feudal Age
11:38 Double-Bit Axe
17:54 Wheelbarrow
23:44 Castle Age
22:17 Town Watch
22:56 Fletching
24:25 Gold Mining
24:29 Crossbowman
25:08 Bodkin Arrow
25:59 Padded Archer Armor
26:18 Scale Mail Armor
30:44 Hand Cart
30:06 Pikeman
31:23 Bow Saw
33:29 Leather Archer Armor
34:48 Ballistics
Smiley
2:39 Loom
11:22 Feudal Age
12:06 Double-Bit Axe
15:46 Bloodlines
17:28 Wheelbarrow
17:49 Horse Collar
19:08 Gold Mining
19:44 Scale Barding Armor
23:39 Castle Age
22:52 Forging
23:24 Fletching
24:33 Husbandry
26:41 Gold Shaft Mining
27:51 Heavy Plow
32:00 Padded Archer Armor
34:02 Chain Barding Armor
Connection lost

Rejoining the realm…

Still unreachable

The connection could not be restored.

Session expired

The server has moved on; the page needs a fresh start.